 Dungeon Crawl Stone Soup version 0.28-a0-909-g796cbd3a86 (webtiles) character file.

Game seed: 3207915944441426307

15 ytrimaz the Skirmisher (level 2, 4/24 HPs)
             Began as a Demonspawn Fighter on Nov 24, 2021.
             Quit the game on level 1 of the Dungeon.
             The game lasted 00:00:21 (113 turns).

ytrimaz the Skirmisher (Demonspawn Fighter)          Turns: 113, Time: 00:00:21

Health: 4/24       AC:  6    Str: 16    XL:     2   Next: 34%
Magic:  2/2        EV:  9    Int:  9    God:
Gold:   18         SH:  4    Dex: 12    Spells: 1/1 levels left

rFire   . . .      SeeInvis .   a - +0 war axe
rCold   . . .      Faith    .   c - +0 buckler
rNeg    . . .      Spirit   .   b - +0 scale mail
rPois   .          Reflect  .   (no helmet)
rElec   .          Harm     .   (no cloak)
rCorr   .          Rampage  .   (no gloves)
Will    .....                   (no boots)
Stlth   ..........              (no amulet)
HPRegen 0.08/turn               (no ring)
MPRegen 0.08/turn               (no ring)

@: mighty
A: ignite blood 1
a: no special abilities


You were on level 1 of the Dungeon.
You visited 1 branch of the dungeon, and saw 1 of its levels.

You collected 18 gold pieces.

Inventory:

Hand Weapons
 a - a +0 war axe (weapon)
Armour
 b - a +0 scale mail (worn)
 c - a +0 buckler (worn)
Potions
 e - a potion of invisibility {unknown}


   Skills:
 + Level 3.2 Fighting
 + Level 1.9 Axes
 + Level 3.0 Armour
 + Level 2.9 Shields


You had one spell level left.
You didn't know any spells.
Your spell library was empty.

Dungeon Overview and Level Annotations

Branches:
Dungeon (1/15)

Altars:


Innate Abilities, Weirdness & Mutations

Your demonic aura sometimes causes spilled blood to erupt in flames.


Message History

The ball python constricts you. The gnoll hits you but does no damage.
The kobold hits you with a +0 dagger.
The ball python bites you but does no damage.
The ball python constricts you.
You escape the ball python's grasp.
The gnoll completely misses you. You block the gnoll's attack.
You feel very mighty all of a sudden. The kobold hits you with a +0 dagger.
You slash the kobold!
You kill the kobold!
You hit the gnoll. The gnoll barely misses you.
The ball python bites you but does no damage.
The ball python grabs you. The ball python constricts you.
You closely miss the ball python. You barely miss the gnoll.
The ball python bites you.
* * * LOW HITPOINT WARNING * * *
The ball python constricts you. The gnoll hits you with a +0 club.
* * * LOW HITPOINT WARNING * * *
The ball python bites you but does no damage.
The ball python constricts you.
You slash the gnoll!
You kill the gnoll!
You closely miss the ball python.
The ball python bites you but does no damage.
The ball python constricts you.
You have reached level 2!
Your demonic ancestry asserts itself...
Your blood heats up.
You closely miss the ball python.
The ball python bites you but does no damage.
The ball python constricts you. The ball python barely misses you.
The ball python constricts you.
Unknown command.
Unknown command.
You hit the ball python.
You kill the ball python!
Your Armour skill increases to level 3!
Things that are here:
a +0 dagger; a ball python corpse Are you sure you want to abandon this character and quit the game? (Confirm with "yes".)

.......##.....#..#.#.....
.......##...#.._....+....
.......#..#........##....
.......#...#.......#.....
......##...........#...##
......##......#..#..# ..
#..#.....#...#.#.##
..........)........#
[........##@.........
.#......###........#.
...###............#
.#......##........# ##..
#........# #. .........#
.. #.........# .
##.###..... ... ####


There were no monsters in sight!

Vanquished Creatures
  A gnoll (D:1)
  An endoplasm (D:1)
  2 giant cockroaches (D:1)
  A ball python (D:1)
  A kobold (D:1)
6 creatures vanquished.

Notes
Turn   | Place    | Note
-------+----------+-------------------------------------------
     0 | D:1      | ytrimaz the Demonspawn Fighter began the quest for the Orb.
     0 | D:1      | Reached XP level 1. HP: 18/18 MP: 1/1
    82 | D:1      | Found a faded altar of an unknown god.
   110 | D:1      | Gained mutation: Your demonic aura sometimes causes spilled
                  | blood to erupt in flames. [demonic ancestry]
   110 | D:1      | Reached XP level 2. HP: 4/24 MP: 2/2
   113 | D:1      | Quit the game

Illustrated notes

Levels and vault maps discovered:
D:1:      eino_arrival_cavern_b, layout_rooms, hellmonk_ecumenical_altar_blasted

Skill      XL: |  1  2 |
---------------+-------+-----
Armour         | 3 |  3.0
Fighting       | |  3.2
Axes           | |  1.9
Shields        | |  2.9

Action                   || total
-------------------------++-------
Melee: War axe           ||    15
  Use: Potion            ||     1
Armor: Scale mail        ||    17
Dodge: Dodged            ||    13
Block: Buckler           ||     4

Table legend: (Time is in decaauts)
 A = Elapsed time spent in this place.
 B = Non-inter-level travel time spent in this place.
 C = Inter-level travel time spent in this place.
 D = Time resting spent in this place.
 E = Time spent auto-exploring this place.
 F = Levels seen in this place.
 G = Mean time per level.
                   A        B        C        D        E       F      G
               +--------+--------+--------+--------+--------+-----+--------+
         Total |    120 |    120 |      0 |      0 |     77 |   1 |  120.0 |
       Dungeon |    120 |    120 |      0 |      0 |     77 |   1 |  120.0 |
               +--------+--------+--------+--------+--------+-----+--------+

Top non-repeatable levels by time:
     D:1: 120 daAuts
